 Dungeon Crawl Stone Soup version 0.30.1-11-g7821555f0a (webtiles) character file.

Game seed: 5349043474258692212

43 Dordric the Ducker (level 3, -4/27 HPs)
             Began as a Demonspawn Gladiator on Oct 31, 2023.
             Killed by nerve-wracking pain
             ... invoked by an orc priest
              (11 damage)
             ... on level 3 of the Dungeon.
             The game lasted 00:01:42 (1509 turns).

Dordric the Ducker (Demonspawn Gladiator)           Turns: 1509, Time: 00:01:43

Health: -4/27      AC:  6    Str: 14    XL:     3   Next: 37%
Magic:  3/3        EV: 13    Int: 15    God:
Gold:   111        SH:  0    Dex: 16    Spells: 2/2 levels left

rFire   . . .        a - +1 long sword
rCold   . . .        (no shield)
rNeg    . . .        b - +0 leather armour
rPois   .            c - +0 helmet
rElec   .            n - +0 cloak
rCorr   .            (no gloves)
SInv    +            (no boots)
Will    .....        (no amulet)
Stlth   +            i - ring of see invisible
HPRegen 0.24/turn    q - +6 ring of intelligence
MPRegen 0.08/turn

%: no passive effects
@: no status effects
A: demonic guardian 1, sharp scales 1
a: no special abilities


You were on level 3 of the Dungeon.
You visited 1 branch of the dungeon, and saw 3 of its levels.

You collected 111 gold pieces.

Inventory:

Hand Weapons
 a - a +1 long sword (weapon)
Missiles
 d - 3 throwing nets (quivered)
 e - a javelin
Armour
 b - a +0 leather armour (worn)
 c - a +0 helmet (worn)
 m - a scarf of shadows
 n - a +0 cloak (worn)
Jewellery
 i - a ring of see invisible (left hand)
 q - a +6 ring of intelligence (right hand)
Scrolls
 k - a scroll of fog
Potions
 f - 3 potions of curing {unknown}
 j - 2 potions of lignification {unknown}
 o - 2 potions of degeneration {unknown}
 p - a potion of resistance {unknown}


   Skills:
 - Level 2.0 Fighting
 + Level 3.4 Long Blades
 - Level 1.7 Throwing
 + Level 3.4 Dodging


You had 2 spell levels left.
You didn't know any spells.
Your spell library was empty.

Dungeon Overview and Level Annotations

Branches:
Dungeon (3/15)

Altars:

Shops:
D:1 (


Innate Abilities, Weirdness & Mutations

A weak demonic guardian rushes to your aid.
You are partially covered in razor-sharp scales. (AC +1, Slay +1)


Message History

You barely miss the endoplasm.
The endoplasm is almost dead.
The endoplasm freezes you.
You are frozen.
* * * LOW HITPOINT WARNING * * *
A demonic guardian appears!
You hit the endoplasm.
You kill the endoplasm!
Your ufetubus barely misses the orc priest.
Your ufetubus completely misses the orc priest.
Your ufetubus closely misses the orc priest.
Your ufetubus hits the orc priest.
The orc priest closely misses your ufetubus.
What are your orders? t - Shout!
Orders for allies: a - Attack new target. r - Retreat! s - Stop attacking. g - Guard the area. f - Follow me.
Anything else - Cancel.
Gang up on whom?
Press: ? - help, Dir - move target, f - orc priest
Aim: an orc priest, wielding a +0 whip (lightly wounded) Attack!
The orc priest hits your ufetubus with a +0 whip.
Your ufetubus misses the orc priest.
Your ufetubus closely misses the orc priest. x2
Your ufetubus hits the orc priest but does no damage.
The orc priest barely misses your ufetubus.
Your ufetubus hits the orc priest.
Your ufetubus closely misses the orc priest.
The orc priest closely misses your ufetubus.
Your ufetubus hits the orc priest. x2
Your ufetubus barely misses the orc priest.
Your ufetubus hits the orc priest.
The orc priest hits your ufetubus with a +0 whip.
Your ufetubus dies!
Your ufetubus disappears in a puff of smoke!
The orc priest mumbles some strange prayers to Beogh against you.
Pain shoots through your body!
You die...

###########
.......)..#
..o..####o#
o#.
#o###########
#ยง@.........#
#######.#.#.#
.. #.#.#.# ...
#.#...# ...
#.##..# #.#
#.##..# #.#
#.....# #.#
####.##
###.##### #.#


You could see an orc priest and an orc wizard.

Vanquished Creatures
  An orc (D:3)
  4 endoplasms
  3 goblins
  5 hobgoblins
  3 quokkas
  5 ball pythons
  7 bats
  2 frilled lizards (D:1)
  2 kobolds (D:1)
  9 rats
41 creatures vanquished.

Vanquished Creatures (collateral kills)
  A goblin (D:2)
1 creature vanquished.

Grand Total: 42 creatures vanquished

Notes
Turn   | Place    | Note
-------+----------+-------------------------------------------
     0 | D:1      | Dordric the Demonspawn Gladiator began the quest for the
                  | Orb.
     0 | D:1      | Reached XP level 1. HP: 16/16 MP: 1/1
    73 | D:1      | Found Rualaxoe's Weapon Boutique.
   182 | D:1      | Gained mutation: A weak demonic guardian rushes to your
                  | aid. [demonic ancestry]
   182 | D:1      | Reached XP level 2. HP: 22/22 MP: 2/2
   689 | D:2      | Gained mutation: You are partially covered in razor-sharp
                  | scales. (AC +1, Slay +1) [demonic ancestry]
   689 | D:2      | Reached XP level 3. HP: 19/27 MP: 3/3
  1509 | D:3      | Killed from afar by an orc priest

Illustrated notes

Levels and vault maps discovered:
D:1:      dpeg_arrival_three_bigger_balls, layout_basic, serial_shops,
          nicolae_square_shop, minmay_misc_feat_rugged, corner_web_ring
D:2:      layout_basic, nicolae_concentric_dashed_squares_mild, minivault_27
D:3:      layout_loops_cross, jmf_multi_god_temple2, serial_shops,
          nicolae_shop_tiny_statue_garden

Skill      XL: |  1 |
---------------+----+-----
Long Blades    | 3 |  3.4
Dodging        | 3 |  3.4
Fighting       | |  2.0
Throwing       | |  1.7

Action                     || total
---------------------------++-------
  Melee: Long sword        ||    93
    Use: Scroll            ||     4
 Armour: Leather armour    ||    38
  Dodge: Dodged            ||    67
